Map: [ESL] Dragon Scales

Players

Lambo - Winner!

  • Race: Zerg Zerg
  • Spawn Location: 11:00

Has

  • Race: Protoss Protoss
  • Spawn Location: 5:00

Event: ESL SC2 Masters 2023 Summer (Finals)

VOD

Have the link to the VOD?

Description

Time

  • Played on: June 17, 2023, 6:52 a.m.
  • Length: 5:48

All games in this series

Show
View Real Time Build Order
Export as new Build Order

Lambo Zerg - Winner!

Build Orders: Hatch First 

Get SALT Encoding   

  12  0:00  Drone  
  13  0:12  Overlord  
  13  0:17  Drone  
  14  0:30  Drone x2  
  16  0:47  Hatchery  
  15  0:51  Drone  
  15  0:54  Drone  
  17  0:57  Drone  
  18  1:08  Extractor  
  17  1:13  Spawning Pool  
  17  1:15  Drone  
  17  1:19  Drone  
  18  1:27  Drone  
  19  1:38  Drone  
  20  1:49  Drone  
  21  1:59  Queen x2  
  21  2:00  Overlord, Zergling x2  
  26  2:08  Metabolic Boost  
  26  2:10  Drone x2  
  28  2:26  Drone x2  
  30  2:31  Drone  
  30  2:35  Drone  
  32  2:38  Hatchery  
  32  2:41  Drone  
  32  2:43  Overlord  
  32  2:49  Queen  
  34  2:53  Drone  
  34  2:54  Drone  
  36  3:02  Queen  
  36  3:05  Drone x2  
  40  3:09  Overlord  
  40  3:10  Drone  
  40  3:11  Drone  
  42  3:17  Drone  
  43  3:20  Drone  
  43  3:27  Queen  
  44  3:29  Drone  
  44  3:30  Roach Warren  
  44  3:31  Extractor, Drone  
  46  3:36  Drone  
  46  3:39  Queen  
  49  3:42  Drone  
  49  3:43  Overlord  
  50  3:52  Zergling x8  
  54  3:57  Overlord  
  54  3:58  Overlord  
  54  4:04  Zergling x2  
  54  4:05  Zergling x4  
  63  4:10  Roach x3  
  63  4:12  Overlord  
  63  4:15  Roach  
  65  4:17  Zergling x2  
  69  4:24  Roach x3  
  69  4:30  Overlord  
  71  4:34  Zergling x2  
  71  4:35  Zergling x6  
  70  4:49  Zergling x8  
  69  4:53  Roach  
  69  4:55  Zergling x4  
  69  4:59  Queen  
  74  5:02  Roach x3  
  74  5:04  Spore Crawler  
  74  5:06  Roach, Zergling x2  
  82  5:09  Roach  
  82  5:11  Zergling x4  
  86  5:17  Roach x2  
  89  5:22  Roach x2  
  89  5:28  Roach  
Show
View Real Time Build Order
Export as new Build Order

Has Protoss 

Build Orders: 1 Gate Expand 

Get SALT Encoding   

  12  0:00  Probe  
  13  0:12  Probe  
  14  0:20  Pylon  
  14  0:24  Probe  
  15  0:38  Probe (Chrono Boost), Gateway  
  15  0:42  Assimilator  
  16  0:48  Probe (Chrono Boost)  
  17  0:53  Pylon  
  17  0:55  Probe  
  18  1:08  Probe  
  19  1:22  Nexus  
  19  1:31  Cybernetics Core  
  19  1:35  Probe  
  20  1:47  Probe  
  20  1:49  Pylon  
  21  1:59  Probe  
  22  2:05  Stalker (Chrono Boost)  
  24  2:10  Robotics Facility  
  24  2:11  Probe  
  25  2:23  Probe  
  25  2:26  Warp Gate (Chrono Boost)  
  26  2:31  Zealot  
  26  2:34  Gateway  
  26  2:35  Probe  
  29  2:37  Probe  
  30  2:47  Probe  
  32  2:54  Warp Prism (Chrono Boost)  
  33  3:06  Probe  
  33  3:07  Probe  
  33  3:08  Gateway  
  35  3:20  Immortal (Chrono Boost)  
  35  3:26  Gateway  
  39  3:34  Gateway  
  39  3:40  Gateway  
  39  3:43  Gateway  
  39  3:52  Probe  
  39  3:55  Pylon  
  40  4:03  Pylon  
  40  4:09  Zealot x2  
  45  4:11  Zealot  
  45  4:13  Pylon  
  45  4:14  Pylon  
  46  4:24  Zealot  
  46  4:30  Zealot x3  
  54  4:32  Zealot  
  54  4:35  Zealot  
  54  4:48  Zealot x2  
  39  5:00  Zealot x7  
  53  5:08  Probe  
  53  5:11  Pylon  
  54  5:15  Zealot  
  54  5:20  Zealot x4  
Tags
 
Add a new tag
Caveats
  • Supply blocks, unpowered buildings, or Contaminate may cause inaccurate times.
  • Supply counts are checked every 10 seconds.